 Dungeon Crawl Stone Soup version 0.30.0-19-g36f170ea60 (webtiles) character file.

Game seed: 3921169146744012229

121 Senryu the Chiller (level 4, -4/34 HPs)
             Began as a Draconian Ice Elementalist on May 27, 2023.
             Was an Initiate of Yredelemnul.
             Slain by Grinder (6 damage)
             ... on level 3 of the Dungeon.
             The game lasted 00:08:00 (2311 turns).

Senryu the Chiller (Draconian Ice Elementalist)     Turns: 2311, Time: 00:08:09

Health: -4/34      AC:  5    Str: 10    XL:     4   Next: 76%
Magic:  0/7        EV: 12    Int: 17    God:    Yredelemnul [......]
Gold:   81         SH:  0    Dex: 12    Spells: 4/8 levels left

rFire   . . .        f - +0 short sword
rCold   . . .        (no shield)
rNeg    . . .        (body armour unavailable)
rPois   .            (helmet restricted)
rElec   .            (no cloak)
rCorr   .            (no gloves)
SInv    .            (no boots)
Will    .....        e - amulet of regeneration
Stlth   ++           (no ring)
HPRegen 1.05/turn    (no ring)
MPRegen 0.10/turn

%: no passive effects
@: no status effects
A: AC +5, unfitting armour, cold-blooded
a: Renounce Religion, Recall Undead Harvest


You were on level 3 of the Dungeon.
You worshipped Yredelemnul.
Yredelemnul was noncommittal.
You visited 1 branch of the dungeon, and saw 3 of its levels.

You collected 81 gold pieces.

Inventory:

Hand Weapons
 f - a +0 short sword (weapon)
Missiles
 j - 5 poisoned darts
 k - 4 curare-tipped darts (quivered)
Jewellery
 e - an amulet of regeneration (around neck)
Scrolls
 a - a scroll of enchant armour
 b - a scroll of noise
 i - a scroll of blinking {unknown}
 m - 2 scrolls of teleportation
 n - a scroll of poison
Potions
 d - a potion of lignification {unknown}
 h - a potion of berserk rage {unknown}
 l - a potion of flight {unknown}


   Skills:
 * Level 0.9 Fighting
 * Level 0.3 Short Blades
 * Level 0.2 Throwing
 * Level 2.0 Dodging
 * Level 2.2 Stealth
 * Level 1.3 Unarmed Combat
 * Level 2.5 Spellcasting
 * Level 4.9 Ice Magic
 * Level 0.7 Invocations


You had 4 spell levels left.
You knew the following spells:

 Your Spells              Type           Power      Damage    Failure   Level
a - Freeze                Ice            76%        1d8       2%          1
b - Frozen Ramparts       Ice            38%        1d6       7%          3

Your spell library contained the following spells:

 Spells                   Type           Power      Damage    Failure   Level
 Ozocubu's Armour         Ice            19%        N/A       7%          3
 Summon Ice Beast         Ice/Summ       10%        N/A       54%         4


Dungeon Overview and Level Annotations

Branches:
Dungeon (3/15)

Altars:
Yredelemnul

Annotations:
D:3 Grinder


Innate Abilities, Weirdness & Mutations

Your plain brown scales are hard. (AC +5)
You cannot fit into any form of body armour.
You are cold-blooded and may be slowed by cold attacks.


Message History

Unknown command.
It was a potion of haste.
You feel yourself speed up.
The wall freezes Grinder but does no damage.
Grinder closely misses you.
Your rat zombie closely misses Grinder.
You hit Grinder but do no damage.
Grinder is lightly wounded.
Grinder resists.
The wall freezes Grinder.
Grinder says, "I used to sell toenails on the black market."
Grinder hits you but does no damage.
You barely miss Grinder.
Grinder is lightly wounded.
Grinder completely resists.
The wall freezes Grinder but does no damage.
Grinder hits you.
You writhe in agony.
Your rat zombie barely misses Grinder.
You closely miss Grinder.
Grinder is lightly wounded.
Grinder completely resists.
The wall freezes Grinder but does no damage.
Grinder hits you but does no damage.
You hit Grinder but do no damage.
Grinder is lightly wounded.
Your rat zombie bites Grinder.
Casting: Freeze (safe; 2% risk of failure)
Confirm with . or Enter, or press ? or * to list all spells.
Aiming: Freeze (safe; 2% risk of failure)
Press: ? - help, Shift-Dir - straight line, f/p - Grinder
Aim: Grinder (lightly wounded, ally target)
You freeze Grinder but do no damage.
Grinder completely resists.
Grinder resists.
The wall freezes Grinder.
Grinder hits you.
You writhe in agony.
* * * LOW HITPOINT WARNING * * *
It was a potion of cancellation.
Your magical effects are unravelling.
You feel magically purged.
You feel yourself slow down.
The frozen ramparts melt away.
Your rat zombie bites Grinder.
Grinder hits you.
* * * LOW HITPOINT WARNING * * *
You writhe in agony.
You die...
Your body rises from the dead as a mindless zombie.

##...........###.
##8###⌠##...# #.
##########...###.
##.#.....#8...8#..
#........##...###.
####..#.####.....# #.
#..Z.....# #..######.
#..#5.##.# #.........
#..#@.##.# #########.
#Z.#..##.# #. #..#..##.#
###. #..#..##.# ##<#.
###....<##.##### ##....
#..............###.....
###.#..#####.#...........
#.#.#..#####.#...###.....
#..#........##### ##...#


You could see Grinder (ally target) and a friendly rat zombie.

Vanquished Creatures
  A gnoll (D:1)
  4 adders
  A worm (D:2)
  2 ball pythons
  4 bats
  3 endoplasms
  A giant cockroach (D:2)
  7 goblins
  2 hobgoblins
  9 jackals
  3 quokkas
  A frilled lizard (D:2)
  5 kobolds
  6 rats
49 creatures vanquished.

Vanquished Creatures (collateral kills)
  An adder (D:3)
  A dart slug (D:1)
  An endoplasm (D:2)
  A hobgoblin (D:1)
  4 frilled lizards
  A rat (D:2)
9 creatures vanquished.

Vanquished Creatures (others)
  An adder zombie (D:3)
  A bat zombie (D:1)
  A jackal zombie (D:2)
3 creatures vanquished.

Grand Total: 61 creatures vanquished

Notes
Turn   | Place    | Note
-------+----------+-------------------------------------------
     0 | D:1      | Senryu the Draconian Ice Elementalist began the quest for
                  | the Orb.
     0 | D:1      | Reached XP level 1. HP: 14/14 MP: 3/3
   165 | D:1      | Reached XP level 2. HP: 20/20 MP: 1/5
   215 | D:1      | Found a faded altar of an unknown god.
   232 | D:1      | Prayed at the altar of an unknown god.
   232 | D:1      | Became a worshipper of Yredelemnul the Dark
   265 | D:1      | Reached * piety under Yredelemnul
   404 | D:1      | Reached XP level 3. HP: 26/26 MP: 1/6
   408 | D:1      | Learned a level 3 spell: Frozen Ramparts
   871 | D:1      | Reached skill level 1 in Unarmed Combat
  1264 | D:2      | Reached ** piety under Yredelemnul
  1435 | D:2      | Reached XP level 4. HP: 34/34 MP: 5/7
  2271 | D:3      | Noticed Grinder
  2311 | D:3      | Slain by Grinder

Illustrated notes

Levels and vault maps discovered:
D:1:      nicolae_arrival_memento_mori, layout_loops_cross,
          shapermc_ecumenical_altar_acropolis
D:2:      layout_loops_corners, minmay_tetromino_s4
D:3:      layout_loops_ring, gammafunk_ghost_grave, corexii_hall_statues_s,
          uniq_grinder

Skill      XL: |  1  2  3  4 |
---------------+-------------+-----
Stealth        | 2 |  2.2
Unarmed Combat | 1 |  1.3
Dodging        | 2 |  2.0
Fighting       | |  0.9
Short Blades   | |  0.3
Throwing       | |  0.2
Spellcasting   | |  2.5
Ice Magic      | |  4.9
Invocations    | |  0.7

Action                     |  1- 3 |  4- 6 || total
---------------------------+-------+-------++-------
  Melee: Unarmed           |    15 |       ||    15
         Tailslap          |     1 |     1 ||     2
         Punch             |     1 |       ||     1
         Short sword       |    11 |    20 ||    31
  Throw: Dart              |     1 |       ||     1
   Cast: Freeze            |    43 |    19 ||    62
         Frozen Ramparts   |     2 |     6 ||     8
 Invoke: Recall Undead Har |     3 |     2 ||     5
    Use: Potion            |     1 |     2 ||     3
         Scroll            |     2 |     2 ||     4
   Stab: Sleeping          |     4 |     2 ||     6
 Armour: Skin              |    21 |     8 ||    29
  Dodge: Dodged            |    32 |    19 ||    51
